TOP OF THE 1ST |
Creighton Blue Jays batting - Pitching for Rutgers Scarlet Knights : LHP Alberto Ledezma
|
Pitching: LHP Alberto Ledezma
|
|
Batting: LHB Raúl Hernández
|
0-0: Ball 1-0: Foul Ball, location: 2F 1-1: Swinging Strike 1-2: Strikes out swinging
|
Batting: LHB Pedro Oropesa
|
0-0: Ball 1-0: Ball 2-0: Ball 3-0: Base on Balls
|
Batting: RHB Matt Cole
|
0-0: Ball 1-0: Grounds into double play, 5-4-3 (Groundball, 56)
|
Top of the 1st over - 0 run(s), 0 hit(s), 0 error(s), 0 left on base; Creighton 0 - Rutgers 0 |
BOTTOM OF THE 1ST |
Rutgers Scarlet Knights batting - Pitching for Creighton Blue Jays : RHP Tim Murray
|
Pitching: RHP Tim Murray
|
|
Batting: RHB Howard Battle
|
0-0: Called Strike 0-1: Ball 1-1: Called Strike 1-2: Foul Ball, location: 2F 1-2: Ball 2-2: Ball 3-2: Strikes out swinging
|
Batting: RHB Eric Green
|
0-0: Ball 1-0: Swinging Strike 1-1: Foul Ball, location: 2F 1-2: Ball 2-2: Ground out 6-3 (Groundball, 6)
|
Batting: LHB Carlos Hernández
|
0-0: Ball 1-0: Ball 2-0: Ball 3-0: Called Strike 3-1: Base on Balls
|
Batting: LHB Dave Watkins
|
0-0: Foul Ball, location: 2F 0-1: Ball 1-1: Ball 2-1: Swinging Strike 2-2: Strikes out looking
|
Bottom of the 1st over - 0 run(s), 0 hit(s), 0 error(s), 1 left on base; Creighton 0 - Rutgers 0 |
TOP OF THE 2ND |
Creighton Blue Jays batting - Pitching for Rutgers Scarlet Knights : LHP Alberto Ledezma
|
Batting: LHB Brady Phillips
|
0-0: Called Strike 0-1: Ball 1-1: Ball 2-1: Ball 3-1: Foul Ball, location: 2F 3-2: Fly out, F6 (Line Drive, 6MD)
|
Batting: RHB Gabriel Santana
|
0-0: Ball 1-0: Ground out 4-3 (Groundball, 4)
|
Batting: LHB Steve Edwards
|
0-0: Ball 1-0: Swinging Strike 1-1: Ball 2-1: Ground out 4-3 (Groundball, 4)
|
Top of the 2nd over - 0 run(s), 0 hit(s), 0 error(s), 0 left on base; Creighton 0 - Rutgers 0 |
BOTTOM OF THE 2ND |
Rutgers Scarlet Knights batting - Pitching for Creighton Blue Jays : RHP Tim Murray
|
Batting: RHB Chris Barker
|
0-0: Foul Ball, location: 2F 0-1: Ball 1-1: Foul Ball, location: 2F 1-2: Ground out 6-3 (Groundball, 6)
|
Batting: LHB Ryan Washington
|
0-0: Ball 1-0: Called Strike 1-1: Ball 2-1: Ball 3-1: Base on Balls
|
Batting: RHB Harry Wilkins
|
0-0: Called Strike 0-1: Foul Ball, location: 2F 0-2: Strikes out swinging
|
Batting: SHB Pat Brock
|
0-0: Called Strike 0-1: Ball 1-1: Ball 2-1: Ball 3-1: Fly out, F7 (Flyball, 7)
|
Bottom of the 2nd over - 0 run(s), 0 hit(s), 0 error(s), 1 left on base; Creighton 0 - Rutgers 0 |
TOP OF THE 3RD |
Creighton Blue Jays batting - Pitching for Rutgers Scarlet Knights : LHP Alberto Ledezma
|
Batting: LHB Marcos Torres
|
0-0: Called Strike 0-1: Foul Ball, location: 2F 0-2: Ball 1-2: Strikes out looking
|
Batting: RHB Jaime Aguirre
|
0-0: Fly out, F8 (Flyball, 8RD)
|
Batting: RHB Michael Carr
|
0-0: Ball 1-0: Fly out, F8 (Flyball, 8LM)
|
Top of the 3rd over - 0 run(s), 0 hit(s), 0 error(s), 0 left on base; Creighton 0 - Rutgers 0 |
BOTTOM OF THE 3RD |
Rutgers Scarlet Knights batting - Pitching for Creighton Blue Jays : RHP Tim Murray
|
Batting: RHB Bill Shaffer
|
0-0: Ball 1-0: Ball 2-0: Called Strike 2-1: Ball 3-1: Foul Ball, location: 2F 3-2: Strikes out swinging
|
Batting: RHB Howard Battle
|
0-0: Ball 1-0: Ball 2-0: Bunt for hit - play at first, batter OUT! 2-3
|
Batting: RHB Eric Green
|
0-0: Ball 1-0: Ball 2-0: Called Strike 2-1: Swinging Strike 2-2: Strikes out swinging
|
Bottom of the 3rd over - 0 run(s), 0 hit(s), 0 error(s), 0 left on base; Creighton 0 - Rutgers 0 |
TOP OF THE 4TH |
Creighton Blue Jays batting - Pitching for Rutgers Scarlet Knights : LHP Alberto Ledezma
|
Batting: LHB Raúl Hernández
|
0-0: Ball 1-0: Swinging Strike 1-1: Fly out, F6 (Line Drive, 6)
|
Batting: LHB Pedro Oropesa
|
0-0: Called Strike 0-1: Bunted foul 0-2: SINGLE (Groundball, 6MD)
|
Batting: RHB Matt Cole
|
0-0: Ball 1-0: Foul Ball, location: 2F 1-1: Ball 2-1: Ball 3-1: Base on Balls Pedro Oropesa to second
|
Batting: LHB Brady Phillips
|
0-0: Ball 1-0: Ball 2-0: Ball 3-0: Base on Balls Pedro Oropesa to third Matt Cole to second
|
Batting: RHB Gabriel Santana
|
0-0: Foul Ball, location: 2F 0-1: Ball 1-1: Foul Ball, location: 2F 1-2: Ball 2-2: Foul Ball, location: 2F 2-2: Ball 3-2: Strikes out looking
|
Batting: LHB Steve Edwards
|
0-0: Foul Ball, location: 2F 0-1: Ball 1-1: Swinging Strike 1-2: Strikes out swinging
|
Top of the 4th over - 0 run(s), 1 hit(s), 0 error(s), 3 left on base; Creighton 0 - Rutgers 0 |
BOTTOM OF THE 4TH |
Rutgers Scarlet Knights batting - Pitching for Creighton Blue Jays : RHP Tim Murray
|
Batting: LHB Carlos Hernández
|
0-0: Ball 1-0: Ball 2-0: Swinging Strike 2-1: Ball 3-1: Base on Balls
|
Batting: LHB Dave Watkins
|
0-0: Called Strike 0-1: Called Strike 0-2: Ball 1-2: Ball 2-2: Fly out, F7 (Flyball, 7)
|
Batting: RHB Chris Barker
|
0-0: Ball 1-0: Ball 2-0: Called Strike 2-1: Fly out, F8 (Flyball, 8RM)
|
Batting: LHB Ryan Washington
|
0-0: Ball 1-0: Ball 2-0: Swinging Strike 2-1: Foul Ball, location: 2F 2-2: Foul Ball, location: 2F 2-2: Strikes out swinging
|
Bottom of the 4th over - 0 run(s), 0 hit(s), 0 error(s), 1 left on base; Creighton 0 - Rutgers 0 |
TOP OF THE 5TH |
Creighton Blue Jays batting - Pitching for Rutgers Scarlet Knights : LHP Alberto Ledezma
|
Batting: LHB Marcos Torres
|
0-0: Fly out, F7 (Flyball, 7S)
|
Batting: RHB Jaime Aguirre
|
0-0: Called Strike 0-1: Ball 1-1: Ball 2-1: Foul Ball, location: 2F 2-2: Foul Ball, location: 2F 2-2: Foul Ball, location: 2F 2-2: Ball 3-2: Base on Balls
|
Batting: RHB Michael Carr
|
0-0: Ball 1-0: Fly out, F7 (Flyball, 7)
|
Batting: LHB Raúl Hernández
|
0-0: Ball 1-0: SINGLE (Groundball, 6D) Jaime Aguirre to second
|
Batting: LHB Pedro Oropesa
|
0-0: Called Strike 0-1: Ball 1-1: Foul Ball, location: 2F 1-2: Ball 2-2: Fielders Choice at 2nd, 5-4 (Groundball, 56)
|
Top of the 5th over - 0 run(s), 1 hit(s), 0 error(s), 1 left on base; Creighton 0 - Rutgers 0 |
BOTTOM OF THE 5TH |
Rutgers Scarlet Knights batting - Pitching for Creighton Blue Jays : RHP Tim Murray
|
Batting: RHB Harry Wilkins
|
0-0: Ball 1-0: Ball 2-0: Called Strike 2-1: Foul Ball, location: 2F 2-2: Strikes out swinging
|
Batting: SHB Pat Brock
|
0-0: Foul Ball, location: 2F 0-1: Ball 1-1: Foul Ball, location: 2F 1-2: Foul Ball, location: 2F 1-2: Fly out, F5 (Popup, 5L)
|
Batting: RHB Bill Shaffer
|
0-0: Foul Ball, location: 2F 0-1: Foul Ball, location: 2F 0-2: Foul Ball, location: 2F 0-2: Ball 1-2: Fly out, F9 (Flyball, 9LMF)
|
Bottom of the 5th over - 0 run(s), 0 hit(s), 0 error(s), 0 left on base; Creighton 0 - Rutgers 0 |
TOP OF THE 6TH |
Creighton Blue Jays batting - Pitching for Rutgers Scarlet Knights : LHP Alberto Ledezma
|
Batting: RHB Matt Cole
|
0-0: Ball 1-0: Foul Ball, location: 2F 1-1: Foul Ball, location: 2F 1-2: Strikes out swinging
|
Batting: LHB Brady Phillips
|
0-0: Ball 1-0: Ball 2-0: Fly out, F6 (Line Drive, 6M)
|
Batting: RHB Gabriel Santana
|
0-0: Ground out 6-3 (Groundball, 6M)
|
Top of the 6th over - 0 run(s), 0 hit(s), 0 error(s), 0 left on base; Creighton 0 - Rutgers 0 |
BOTTOM OF THE 6TH |
Rutgers Scarlet Knights batting - Pitching for Creighton Blue Jays : RHP Tim Murray
|
Batting: RHB Howard Battle
|
0-0: Ball 1-0: Foul Ball, location: 2F 1-1: Called Strike 1-2: Ball 2-2: Strikes out swinging
|
Batting: RHB Eric Green
|
0-0: Ball 1-0: Foul Ball, location: 2F 1-1: Swinging Strike 1-2: Ball 2-2: Foul Ball, location: 2F 2-2: Ball 3-2: Foul Ball, location: 2F 3-2: Foul Ball, location: 2F 3-2: Base on Balls
|
Batting: LHB Carlos Hernández
|
0-0: Ball 1-0: Called Strike 1-1: Ball 2-1: Ball 3-1: Single, Error in OF, E9, batter to second base Eric Green to third
|
Batting: LHB Dave Watkins
|
0-0: Intentional Walk
|
Pitching: RHP David Chávez
|
|
Batting: RHB Chris Barker
|
0-0: Ball 1-0: Foul Ball, location: 2F 1-1: Called Strike 1-2: Ball 2-2: Strikes out swinging
|
Batting: LHB Ryan Washington
|
0-0: Called Strike 0-1: Ball 1-1: Fielders Choice at 2nd, 4-6 (Groundball, 4)
|
Bottom of the 6th over - 0 run(s), 1 hit(s), 1 error(s), 2 left on base; Creighton 0 - Rutgers 0 |
TOP OF THE 7TH |
Creighton Blue Jays batting - Pitching for Rutgers Scarlet Knights : LHP Alberto Ledezma
|
Pitching: LHP Jack Greene
|
|
Batting: LHB Steve Edwards
|
0-0: Called Strike 0-1: Foul Ball, location: 2F 0-2: Ball 1-2: Ball 2-2: Ball 3-2: Foul Ball, location: 2F 3-2: Foul Ball, location: 2F 3-2: Base on Balls
|
Pinch Hitting: RHB Ed Lindsey
|
0-0: Bunted foul 0-1: Bunt missed! 0-2: Reaches on Catchers interference Steve Edwards to second
|
Pinch Runner at 2nd Miguel Maldonado:
|
|
Batting: RHB Jaime Aguirre
|
0-0: Bunt missed! 0-1: Ball 1-1: Called Strike Miguel Maldonado is caught stealing 3rd base Ed Lindsey to second 1-2: Foul Ball, location: 2F 1-2: Ball 2-2: Ball 3-2: Intentional Walk
|
Pinch Hitting: RHB Carlos Gómez
|
0-0: Ball 1-0: Ball 2-0: Foul Ball, location: 2F 2-1: Ball 3-1: Base on Balls Ed Lindsey to third Jaime Aguirre to second
|
Pinch Hitting: LHB Rob Johnstone
|
0-0: Ball 1-0: Swinging Strike 1-1: Swinging Strike 1-2: Strikes out looking
|
Batting: LHB Pedro Oropesa
|
0-0: Ball 1-0: Ball 2-0: Ball 3-0: Called Strike 3-1: SINGLE (Groundball, 4MD) Ed Lindsey scores Jaime Aguirre to third Carlos Gómez to second Runner from 3rd tries for Home, SAFE, no throw
|
Pitching: RHP Joey Williams
|
|
Batting: RHB Matt Cole
|
0-0: Ball 1-0: Ball 2-0: SINGLE (Flyball, 8RS) Carlos Gómez to third Pedro Oropesa to second Runner from 3rd tries for Home, SAFE, throw made home
|
Batting: LHB Brady Phillips
|
0-0: Swinging Strike 0-1: Foul Ball, location: 2F 0-2: Ball 1-2: Strikes out looking
|
Top of the 7th over - 3 run(s), 2 hit(s), 1 error(s), 2 left on base; Creighton 3 - Rutgers 0 |
BOTTOM OF THE 7TH |
Rutgers Scarlet Knights batting - Pitching for Creighton Blue Jays : RHP David Chávez
|
Now at 1B: Carlos Gómez
|
|
Now in CF: Rob Johnstone
|
|
Now in RF: Ed Lindsey
|
|
Batting: RHB Harry Wilkins
|
0-0: Called Strike 0-1: Swinging Strike 0-2: Strikes out looking
|
Batting: SHB Pat Brock
|
0-0: Called Strike 0-1: Swinging Strike 0-2: Strikes out swinging
|
Batting: RHB Bill Shaffer
|
0-0: Fly out, F9 (Flyball, 9D)
|
Bottom of the 7th over - 0 run(s), 0 hit(s), 0 error(s), 0 left on base; Creighton 3 - Rutgers 0 |
TOP OF THE 8TH |
Creighton Blue Jays batting - Pitching for Rutgers Scarlet Knights : RHP Joey Williams
|
Batting: RHB Gabriel Santana
|
0-0: Ball 1-0: SINGLE (Line Drive, 3)
|
Batting: LHB Miguel Maldonado
|
0-0: Bunted foul 0-1: Sac Bunt - play at first, batter OUT! 5-4 Gabriel Santana to second
|
Batting: RHB Ed Lindsey
|
0-0: Intentional Walk
|
Batting: RHB Jaime Aguirre
|
0-0: Ball 1-0: Foul Ball, location: 2F 1-1: Foul Ball, location: 2F 1-2: Strikes out looking
|
Batting: RHB Carlos Gómez
|
0-0: Called Strike 0-1: Foul Ball, location: 2F 0-2: Ball 1-2: Foul Ball, location: 2F 1-2: Ball 2-2: Ball 3-2: Foul Ball, location: 2F 3-2: Foul Ball, location: 2F 3-2: Base on Balls Gabriel Santana to third Ed Lindsey to second
|
Batting: LHB Rob Johnstone
|
0-0: Ball 1-0: Ball 2-0: Called Strike 2-1: Fly out, F7 (Line Drive, 78S)
|
Top of the 8th over - 0 run(s), 1 hit(s), 0 error(s), 3 left on base; Creighton 3 - Rutgers 0 |
BOTTOM OF THE 8TH |
Rutgers Scarlet Knights batting - Pitching for Creighton Blue Jays : RHP David Chávez
|
Batting: RHB Howard Battle
|
0-0: Called Strike 0-1: Ground out 6-3 (Groundball, 6)
|
Batting: RHB Eric Green
|
0-0: Ball 1-0: Foul Ball, location: 2F 1-1: Fly out, F9 (Line Drive, 9LD)
|
Batting: LHB Carlos Hernández
|
0-0: Called Strike 0-1: Swinging Strike 0-2: Foul Ball, location: 2F 0-2: Strikes out looking
|
Bottom of the 8th over - 0 run(s), 0 hit(s), 0 error(s), 0 left on base; Creighton 3 - Rutgers 0 |
TOP OF THE 9TH |
Creighton Blue Jays batting - Pitching for Rutgers Scarlet Knights : RHP Joey Williams
|
Pitching: LHP Rubén De La Garza
|
|
Batting: LHB Pedro Oropesa
|
0-0: Called Strike 0-1: Bunt missed! 0-2: Ball 1-2: Reached via error on a dropped throw, E3
|
Batting: RHB Matt Cole
|
0-0: Called Strike 0-1: Ball 1-1: Foul Ball, location: 2F 1-2: Ball 2-2: Strikes out swinging
|
Batting: LHB Brady Phillips
|
0-0: Ball 1-0: Ball 2-0: Foul Ball, location: 2F 2-1: Foul Ball, location: 2F 2-2: Ball 3-2: Strikes out looking
|
Batting: RHB Gabriel Santana
|
0-0: Ball 1-0: SINGLE (Groundball, 56D) Pedro Oropesa to second
|
Batting: LHB Miguel Maldonado
|
0-0: Ball 1-0: Ball 2-0: Called Strike 2-1: Ground out 6-3 (Groundball, 6M)
|
Top of the 9th over - 0 run(s), 1 hit(s), 1 error(s), 2 left on base; Creighton 3 - Rutgers 0 |
BOTTOM OF THE 9TH |
Rutgers Scarlet Knights batting - Pitching for Creighton Blue Jays : RHP David Chávez
|
Pitching: RHP Sam Faulkner
|
|
Batting: LHB Dave Watkins
|
0-0: Ball 1-0: Called Strike 1-1: Swinging Strike 1-2: Foul Ball, location: 2F 1-2: Ball 2-2: Strikes out swinging
|
Batting: RHB Chris Barker
|
0-0: Called Strike 0-1: Called Strike 0-2: Ball 1-2: Ground out 4-3 (Groundball, 4)
|
Batting: LHB Ryan Washington
|
0-0: Ground out 4-3 (Groundball, 4)
|
Bottom of the 9th over - 0 run(s), 0 hit(s), 0 error(s), 0 left on base; Creighton 3 - Rutgers 0 |
|